 Dungeon Crawl Stone Soup version 0.26-a0-651-gb41185065b (webtiles) character file.

Game seed: 15167117235083869432

69334 Azzok the Black Belt (level 14, -4/81 HPs)
             Began as a Demonspawn Transmuter on Oct 29, 2020.
             Was the Champion of Cheibriados.
             Slain by a skeletal warrior
             ... wielding a +0 halberd
              (15 damage)
             ... on level 15 of the Dungeon.
             The game lasted 00:48:48 (26962 turns).

Azzok the Black Belt (Demonspawn Transmuter)       Turns: 26962, Time: 00:48:49

Health: -4/81      AC: 21    Str: 26    XL:     14   Next: 90%
Magic:  0/20       EV: 15    Int: 39    God:    Cheibriados [******]
Gold:   1975       SH:  5    Dex: 28    Spells: 9/21 levels left

rFire    + . .     SeeInvis .     - Unarmed
rCold    . . .     Faith    .   (shield currently unavailable)
rNeg     . . .     Spirit   +   H - +0 plate armour
rPois    .         Reflect  +   (helmet restricted)
rElec    .         Harm     .   N - +0 cloak
rCorr    .         Rampage  .   (gloves currently unavailable)
MR       +....                  I - +0 pair of boots
Stlth    ..........             A - amulet of reflection
HPRegen  0.23/turn              W - ring of protection from fire
MPRegen  0.34/turn              Q - ring "Mequm" {Wiz Int+6 Dex-2}

@: about to teleport, blade hands, sanguine armour, very slow
A: antennae 2, frail 1, powered by death 2, magic shield, magic regeneration,
sanguine armour 2
a: End Transformation, Bend Time, Temporal Distortion, Slouch, Step From Time,
Renounce Religion


You were on level 15 of the Dungeon.
You worshipped Cheibriados.
Cheibriados was exalted by your worship.
You had blades for hands.
You visited 3 branches of the dungeon, and saw 22 of its levels.
You also visited: Sewer.

You collected 1975 gold pieces.

Inventory:

Hand Weapons
 D - the +9 trident of Liaf (melded) {vamp, Str+4 Int+3}
   (You found it on level 6 of the Dungeon)

   It inflicts no extra harm, but heals its wielder when it wounds a living foe.
   It affects your strength (+4).
   It affects your intelligence (+3).
 K - a +4 scimitar of flaming
Armour
 x - a +2 pair of gloves (melded)
 H - a +0 plate armour (worn)
 I - a +0 pair of boots (worn)
 L - +0 fire dragon scales
 N - a +0 cloak (worn)
Jewellery
 r - an uncursed ring of protection from cold
 A - an amulet of reflection (around neck)
 J - an uncursed ring of flight
 Q - the ring "Mequm" (right scythe-like blade) {Wiz Int+6 Dex-2}
   (You found it on level 2 of the Lair of Beasts)

   [ring of wizardry]

   It improves your spell success rate.
   It affects your intelligence (+6).
   It affects your dexterity (-2).
 S - an uncursed ring of resist corrosion
 U - an uncursed ring of magical power
 W - a ring of protection from fire (left scythe-like blade)
 X - a +4 ring of protection
Wands
 t - a wand of iceblast (7)
 y - a wand of acid (9)
 F - a wand of flame (51)
 M - a wand of paralysis (7)
 R - a wand of digging (7)
Scrolls
 a - a scroll of amnesia
 d - 2 scrolls of random uselessness {unknown}
 f - 4 scrolls of fear {unknown}
 h - 8 scrolls of remove curse {unknown}
 j - 3 scrolls of holy word {unknown}
 k - a scroll of teleportation
 l - 2 scrolls of noise {unknown}
 m - 2 scrolls of acquirement {unknown}
 o - 5 scrolls of enchant armour {unknown}
 q - 2 scrolls of summoning {unknown}
 s - 4 scrolls of magic mapping {unknown}
 v - 4 scrolls of fog {unknown}
 w - 4 scrolls of blinking {unknown}
 T - a scroll of silence {unknown}
 V - a scroll of brand weapon {unknown}
 Y - a scroll of vulnerability {unknown}
 Z - 2 scrolls of enchant weapon {unknown}
Potions
 b - 8 potions of flight
 c - 3 potions of stabbing
 e - 4 potions of lignification
 g - 3 potions of heal wounds
 i - 12 potions of curing
 n - a potion of ambrosia
 p - 3 potions of mutation {!q}
 u - 3 potions of brilliance
 B - 2 potions of resistance
 C - 2 potions of magic
 E - a potion of invisibility
 G - 3 potions of cancellation
 O - 2 potions of might


   Skills:
 + Level 2.1 Fighting
 + Level 1.5 Armour
 - Level 10.0 Dodging
 + Level 15.3 Unarmed Combat
 - Level 4.0 Spellcasting
 + Level 15.2 Transmutations


You had 9 spell levels left.
You knew the following spells:

 Your Spells              Type           Power        Failure   Level
b - Spider Form           Tmut/Pois      ######....   17%         3
c - Ice Form              Ice/Tmut       ######..     36%         4
d - Blade Hands           Tmut           #######...   11%         5

Your spell library contained the following spells:

 Spells                   Type           Power        Failure   Level
 Beastly Appendage        Tmut           ######       2%          1
 Wereblood                Tmut           #######.     3%          2
 Passwall                 Tmut/Erth      ######..     12%         2
 Petrify                  Tmut/Erth      ######..     36%         4
 Corona                   Hex            #......      54%         1
 Sandblast                Erth           #.....       54%         1
 Ensorcelled Hibernation  Hex/Ice        #.....       65%         2
 Slow                     Hex            #.......     65%         2
 Confusing Touch          Hex            #.......     82%         3
 Dazzling Flash           Conj/Hex       #.....       82%         3
 Inner Flame              Hex/Fire       #.......     82%         3
 Portal Projectile        Hex/Tloc       #.....       82%         3
 Stone Arrow              Conj/Erth      #.....       82%         3
 Tukima's Dance           Hex            #.......     82%         3
 Cause Fear               Hex            #.........   98%         4
 Leda's Liquefaction      Hex/Erth       #.........   98%         4
 Lee's Rapid Deconstruct  Erth           #.........   100%        5


Dungeon Overview and Level Annotations

Branches:
Dungeon (15/15) Temple (1/1) D:5 Lair (6/6) D:11 Shoals (0/4) Lair:4 Spider (0/4) Lair:4 Slime (0/5) Lair:6 Orc (0/2) D:9 Vaults (0/5) D:12 D:13 Depths (0/5) D:15 Sewer (visited)

Altars:
Cheibriados
Dithmenos
Fedhas
Gozag
Makhleb
Nemelex Xobeh
Okawaru
Qazlal
Ru
Sif Muna
Uskayaw
Vehumet
Wu Jian
Xom
Zin
The Shining One
Jiyva

Annotations:
D:15 exclusion: obsidian statue
Lair:6 3 runed translucent doors, kae's ghost, journeyman DrTm


Innate Abilities, Weirdness & Mutations

You have a pair of antennae on your head.
You regenerate health from kills.
When hurt, damage is shared between your health and your magic reserves.
You regenerate magic rapidly.
When seriously injured, your bleeding wounds create thick armour. (AC +9)
You are frail. (-10% HP)


Message History

The skeletal warrior hits you from afar with a +0 halberd!
* * * LOW MAGIC WARNING * * *;
* * * LOW HITPOINT WARNING * * *
You puncture the spriggan berserker skeleton!
The spriggan berserker skeleton is lightly damaged.
The skeletal warrior hits you from afar with a +0 halberd.
* * * LOW HITPOINT WARNING * * *
The spriggan berserker skeleton hits you but does no damage.
Casting: Blade Hands (dangerous; 1% risk of failure)
Confirm with . or Enter, or press ? or * to list all spells.
Your hands turn into razor-sharp scythe blades.
The +9 trident of Liaf {vamp, Str+4 Int+3} melds into your body.
Your +2 pair of gloves melds into your body.
You feel the dreadful sensation subside.
* * * LOW MAGIC WARNING * * *
The skeletal warrior hits you from afar with a +0 halberd!
* * * LOW HITPOINT WARNING * * *
As you read the scroll of teleportation, it crumbles to dust.
You feel strangely unstable.
The skeletal warrior hits you from afar with a +0 halberd!
You die...

···▒ ▒·▒ ▒······▒▒▒▒▒▒
)·▒▒ ▒·▒ ▒··········· ··▒▒
▒·▒ ▒······▒▒▒▒▒
···▒▒▒·▒▒▒▒▒······▒▒▒▒▒▒▒▒
······· ··········'·······
··▒▒·▒· ▒▒▒▒······▒▒▒▒▒▒▒▒
··▒ ·▒ ▒▒▒▒·▒▒▒ ··▒ ▒ ▒··▒
··▒ ▒▒@▒ ··▒ ▒·▒ ··· ▒z▒
▒▒· ▒·Z·ZZ···8▒
▒·····8·····▒
▒··z······8···▒
··8···········▒
····P···88·8··▒
·············P▒


You could see a skeletal warrior, an iron dragon skeleton and a spriggan
berserker skeleton.

Vanquished Creatures
  Rupert (D:13)
  The ghost of Qeorph the Fighter, a journeyman FoAK of Lugonu (Lair:5)
  Nessos (D:12)
  2 hydras
  5 catoblepae
  Erica (D:8)
  5 centaur warriors
  A death knight (D:14)
  3 two-headed ogres
  7 death yaks
  Urug (D:13)
  A vampire mage (D:15)
  A skeletal warrior (D:15)
  2 unseen horrors
  2 phantasmal warriors (D:14)
  A necromancer (D:15)
  Pikel (D:5)
  7 slime creatures
  2 ugly things
  A deep elf mage (D:12)
  4 manticores
  A cyclops (D:10)
  6 elephants (Lair:4)
  Joseph (D:7)
  3 centaur skeletons
  A gargoyle (D:13)
  4 cane toads
  7 komodo dragons
  A kobold demonologist (D:14)
  An efreet (D:15)
  5 trolls
  Grinder (D:5)
  Prince Ribbit (D:5)
  17 blink frogs
  9 hippogriffs
  A redback (Lair:4)
  2 shadows
  3 wyverns
  15 humans
  51 yaks
  3 wraiths
  2 basilisks
  2 vampire mosquitoes (D:14)
  2 soldier ants
  11 water moccasins
  2 acid dragons (D:11)
  12 porcupines
  10 orc warriors
  2 black bears
  3 ice beasts
  5 sky beasts
  4 boggarts (Lair:5)
  10 ogres
  3 phantoms
  28 centaurs
  An eye of draining (D:8)
  3 necrophages
  18 wolves
  13 crocodiles
  2 lemures (D:5)
  3 big kobolds
  A wyvern zombie (D:12)
  26 bullfrogs
  A gnoll sergeant (D:6)
  A water moccasin zombie (D:8)
  3 scorpions
  A wyvern skeleton (D:11)
  16 killer bees
  7 wights
  2 electric eels (D:9)
  2 howler monkeys
  2 bullfrog zombies
  8 hounds
  2 quasits
  2 centaur zombies
  12 orc priests
  2 jellies
  21 orc wizards
  2 bullfrog skeletons
  4 hell rats
  An iguana (D:6)
  8 worker ants
  2 killer bee zombies (D:6)
  8 gnolls
  A howler monkey skeleton (D:10)
  10 river rats
  15 adders
  3 white imps
  2 oozes (Sewer)
  An ufetubus (D:8)
  2 adder skeletons
  4 worms
  A dart slug (D:1)
  5 leopard geckos
  84 orcs
  6 giant cockroaches
  10 goblins
  3 hobgoblins
  12 jackals
  28 kobolds
  7 quokkas
  5 ball pythons
  6 bats
  4 frilled lizards
  A quokka skeleton (D:4)
  31 rats
  A bush (D:11)
695 creatures vanquished.

Vanquished Creatures (others)
  A human (D:13)
  3 bushes (D:15)
  13 fungi
  27 plants
  6 toadstools (D:1)
  5 withered plants (D:15)
55 creatures vanquished.

Grand Total: 750 creatures vanquished

Notes
Turn   | Place    | Note
-------+----------+-------------------------------------------
     0 | D:1      | Azzok the Demonspawn Transmuter began the quest for the
                  | Orb.
     0 | D:1      | Reached XP level 1. HP: 15/15 MP: 3/3
   569 | D:1      | Gained mutation: You regenerate a little health from kills.
                  | [demonic ancestry]
   569 | D:1      | Reached XP level 2. HP: 21/21 MP: 5/5
  1194 | D:2      | Found a blossoming altar of Fedhas.
  1675 | D:2      | Gained mutation: When seriously injured, your bleeding
                  | wounds create armour. (AC +9) [demonic ancestry]
  1675 | D:2      | Reached XP level 3. HP: 26/26 MP: 6/6
  2180 | D:2      | Gained mutation: When hurt, damage is shared between your
                  | health and your magic reserves. [demonic ancestry]
  2180 | D:2      | Reached XP level 4. HP: 25/32 MP: 5/7
  2916 | D:3      | Found a shimmering blue altar of Sif Muna.
  3203 | D:3      | Found a shadowy altar of Dithmenos.
  3322 | D:3      | Gained mutation: When seriously injured, your bleeding
                  | wounds create thick armour. (AC +9) [demonic ancestry]
  3322 | D:3      | Reached XP level 5. HP: 30/37 MP: 5/8
  3390 | D:3      | Learned a level 3 spell: Spider Form
  3791 | D:4      | Noticed an ogre
  3820 | D:4      | Killed an ogre
  3820 | D:4      | Reached XP level 6. HP: 36/43 MP: 2/9
  3857 | D:4      | Found a glowing drain.
  3895 | Sewer    | Entered a sewer
  4149 | Sewer    | Reached skill level 5 in Unarmed Combat
  4336 | Sewer    | Learned a level 4 spell: Ice Form
  4885 | Sewer    | Reached skill level 5 in Transmutations
  5295 | D:4      | Gained mutation: You regenerate health from kills. [demonic
                  | ancestry]
  5295 | D:4      | Reached XP level 7. HP: 44/48 MP: 7/10
  5769 | D:4      | Found an iron altar of Okawaru.
  5819 | D:5      | Entered Level 5 of the Dungeon
  5825 | D:5      | Noticed Prince Ribbit
  5832 | D:5      | Killed Prince Ribbit
  6376 | D:5      | Gained mutation: You have a pair of small antennae on your
                  | head. [demonic ancestry]
  6376 | D:5      | Reached XP level 8. HP: 48/54 MP: 7/11
  6407 | D:5      | Noticed Grinder
  6424 | D:5      | Paralysed by Grinder for 3 turns
  6442 | D:5      | Killed Grinder
  6662 | D:5      | Found a staircase to the Ecumenical Temple.
  7172 | D:5      | Noticed Pikel
  7188 | D:5      | Killed Pikel
  7643 | D:6      | Gained mutation: You regenerate magic rapidly. [demonic
                  | ancestry]
  7643 | D:6      | Reached XP level 9. HP: 48/59 MP: 4/12
  7718 | D:6      | Got an encrusted trident
  7719 | D:6      | Identified the +9 trident of Liaf {vamp, Str+4 Int+3} (You
                  | found it on level 6 of the Dungeon)
  9113 | D:7      | Learned a level 5 spell: Blade Hands
  9317 | D:7      | Noticed Joseph
  9898 | D:7      | Killed Joseph
 10424 | D:7      | Found a stormy altar of Qazlal.
 10514 | D:7      | Found a radiant altar of Vehumet.
 10514 | D:7      | Found a shimmering altar of Xom.
 10515 | D:7      | Found a burning altar of Makhleb.
 10691 | D:7      | Reached XP level 10. HP: 44/65 MP: 11/16
 11195 | Temple   | Entered the Ecumenical Temple
 11208 | Temple   | Became a worshipper of Cheibriados the Contemplative
 12066 | D:8      | Reached * piety under Cheibriados
 12224 | D:8      | Noticed Erica
 12244 | D:8      | Killed Erica
 12244 | D:8      | Reached skill level 10 in Unarmed Combat
 12545 | D:8      | Reached skill level 10 in Transmutations
 12907 | D:9      | Reached ** piety under Cheibriados
 13311 | D:9      | Found a glowing golden altar of the Shining One.
 13356 | D:9      | Found a sparkling altar of Nemelex Xobeh.
 13429 | D:9      | Noticed a manticore
 13442 | D:9      | Killed a manticore
 13972 | D:9      | Reached *** piety under Cheibriados
 14028 | D:9      | Reached XP level 11. HP: 69/69 MP: 17/17
 14353 | D:9      | Found a staircase to the Orcish Mines.
 14552 | D:10     | Entered Level 10 of the Dungeon
 15226 | D:10     | Found an opulent altar of Gozag.
 15256 | D:10     | Reached skill level 5 in Dodging
 15654 | D:11     | Gained mutation: You are frail. (-10% HP) [mutagenic glow]
 15655 | D:11     | Reached **** piety under Cheibriados
 15732 | D:11     | Noticed a death yak
 15740 | D:11     | Killed a death yak
 15741 | D:11     | Found a staircase to the Lair.
 15775 | D:11     | Noticed a death yak
 15776 | D:11     | Noticed a death yak
 15783 | D:11     | Killed a death yak
 15790 | D:11     | Killed a death yak
 15888 | D:11     | Noticed a white ugly thing
 15896 | D:11     | Killed a white ugly thing
 15898 | D:11     | Reached ***** piety under Cheibriados
 16604 | Lair:1   | Entered Level 1 of the Lair of Beasts
 16990 | Lair:1   | Reached XP level 12. HP: 54/68 MP: 7/18
 17455 | Lair:2   | Reached ****** piety under Cheibriados
 17517 | Lair:2   | Noticed a seven-headed hydra
 17525 | Lair:2   | Killed an eight-headed hydra
 17814 | Lair:2   | Got a bound brass ring
 17815 | Lair:2   | Identified the ring "Mequm" {Wiz Int+6 Dex-2} (You found it
                  | on level 2 of the Lair of Beasts)
 18232 | Lair:3   | Found a sacrificial altar of Ru.
 19114 | Lair:4   | Noticed a catoblepas
 19121 | Lair:4   | Killed a catoblepas
 19207 | Lair:4   | Gained mutation: You have a pair of antennae on your head.
                  | [demonic ancestry]
 19207 | Lair:4   | Reached XP level 13. HP: 72/72 MP: 14/19
 19224 | Lair:4   | Found a hole to the Spider Nest.
 19322 | Lair:4   | Found a staircase to the Shoals.
 20436 | Lair:5   | Found a runed translucent door.
 21378 | Lair:5   | Noticed Qeorph's ghost (journeyman FoAK)
 21388 | Lair:5   | Killed Qeorph's ghost
 21515 | Lair:6   | Entered Level 6 of the Lair of Beasts
 21600 | Lair:6   | Got a flickering tin amulet
 21601 | Lair:6   | Identified the amulet of Gaolo {RegenMP Str+5} (You found
                  | it on level 6 of the Lair of Beasts)
 21603 | Lair:6   | Found a runed translucent gate.
 21603 | Lair:6   | Found a runed translucent gate.
 21603 | Lair:6   | Found a runed translucent gate.
 21761 | Lair:6   | Noticed kae's ghost (journeyman DrTm)
 22000 | Lair:6   | Reached skill level 10 in Dodging
 22603 | Lair:6   | Found a viscous altar of Jiyva.
 22603 | Lair:6   | Found a staircase to the Slime Pits.
 23284 | D:12     | Noticed Nessos
 23903 | D:12     | Killed Nessos
 23903 | D:12     | Reached XP level 14. HP: 57/79 MP: 12/20
 24376 | D:13     | Found a gate to the Vaults.
 24376 | D:13     | Noticed Rupert
 24376 | D:13     | Noticed Urug
 24796 | D:13     | Killed Urug
 25128 | D:13     | Killed Rupert
 25753 | D:14     | Reached skill level 15 in Unarmed Combat
 25789 | D:14     | Reached skill level 15 in Transmutations
 26547 | D:15     | Entered Level 15 of the Dungeon
 26655 | D:15     | Reached skill level 1 in Armour
 26951 | D:15     | Found a staircase to the Depths.
 26962 | D:15     | Slain by a skeletal warrior

Illustrated notes

Levels and vault maps discovered:
D:1:      elethiomel_arrival_infinity_welcomes_careful_drivers, layout_basic,
          minmay_gold_behind_fungi, serial_bayou_ford_a, minmay_misc_feat_doors,
          minmay_misc_feat_nine_boxes
D:2:      minmay_spotlight, layout_rooms, fedhas_altar_2,
          wander_ebering_terrifying_dragon_lair
D:3:      layout_rooms, nicolae_dithmenos_shadow_blocks, led_sif_pool,
          amethyst_killhole
D:4:      layout_loops_ring, kennysheep_okawaru_gauntlet, portal_sewer_entry_a
D:5:      layout_basic, minmay_temple_entry_statues_fountains,
          chequers_serial_rivers_micro_b, uniq_pikel, uniq_prince_ribbit1,
          uniq_grinder
D:6:      layout_rooms
D:7:      layout_rooms, lemuel_crystal_altar, gammafunk_temple_overflow_claw,
          uniq_joseph
D:8:      layout_cave_pools, kennysheep_kite_vault, uniq_erica
D:9:      statuecave_lemuel, layout_stronghold, old_standard_altar, orc_0_dummy,
          tso_altar
D:10:     layout_roguey, nicolae_gozag_cash_rules_everything_around_me
D:11:     layout_roguey, dpeg_lair_monsters, kb_lookout_dungeons_type
D:12:     layout_roguey, portal_ice_cave_entry_pillars_2, drop_trap, uniq_nessos
D:13:     layout_cave_pools, david_vaults_3, drop_trap
D:14:     layout_basic
D:15:     gammafunk_depths_entry_grave, layout_basic, serial_park_square2,
          minivault_16
Temple:   nicolae_temple_god_jail
Lair:1:   layout_loops_ring, kennysheep_abandoned_house, lemuel_fruit_tree,
          grunt_megastairs_2, lemuel_fruit_fields
Lair:2:   layout_gridlike
Lair:3:   layout_chaotic_city, basic_altar
Lair:4:   layout_roguey, shoals_dummy_entry, spider_nest_entry_webs
Lair:5:   layout_loops_ring, serial_rivers, chequers_serial_rivers_micro_a,
          chequers_serial_rivers_small_a, chequers_serial_rivers_large_b,
          chequers_serial_rivers_room_b, chequers_serial_rivers_small_b,
          ebering_ghost_reflecting_pool, kilobyte_rumbling_trees
Lair:6:   evilmike_catoblepas_cave, layout_misc_corridors,
          dpeg_slime_entry_enclosed_altar, gammafunk_ghost_split

Skill      XL: |  1  2  3  4  5  6  7  8  9 10 11 12 13 14 |
---------------+-------------------------------------------+-----
Transmutations | 2 3 4 5 6 7 9 10 11 12 14 15 | 15.2
Unarmed Combat | 3 4 5 6 8 9 10 11 12 14 15 | 15.3
Spellcasting   | 4 |  4.0
Dodging        | 4 7 9 10 | 10.0
Armour         | 1 |  1.5
Fighting       | 2 |  2.1

Action                   |  1- 3 |  4- 6 |  7- 9 | 10-12 | 13-15 || total
-------------------------+-------+-------+-------+-------+-------++-------
Melee: Unarmed           |   100 |   308 |   369 |   553 |   557 ||  1887
       Kick              |    15 |    18 |     4 |       |       ||    37
       Headbutt          |     7 |    14 |       |       |       ||    21
       Punch             |     1 |     3 |     3 |    39 |    53 ||    99
       Trident           |       |       |    55 |   196 |    74 ||   325
 Cast: Beastly Appendage |     6 |    13 |     1 |       |       ||    20
       Spider Form       |       |     6 |    32 |    25 |       ||    63
       Ice Form          |       |       |     3 |     6 |       ||     9
       Blade Hands       |       |       |       |    24 |    58 ||    82
Evoke: Wand              |       |       |       |     9 |     7 ||    16
  Use: Scroll            |       |       |     2 |    16 |    12 ||    30
       Potion            |       |       |       |     2 |       ||     2
 Stab: Sleeping          |     1 |     2 |     1 |       |       ||     4
       Distracted        |       |       |     1 |       |       ||     1
       Petrified         |       |       |       |       |     3 ||     3
Armor: Robe              |    16 |    60 |    26 |     3 |       ||   105
       Skin              |       |     2 |    25 |    19 |       ||    46
       Plate armour      |       |       |       |   144 |   320 ||   464
       Chain mail        |       |       |       |    64 |       ||    64
Dodge: Dodged            |    55 |   199 |   250 |   481 |   424 ||  1409
Block: Other             |       |       |    48 |   177 |   155 ||   380
       Reflection        |       |       |     3 |     7 |    22 ||    32

Table legend: (Time is in decaauts)
 A = Elapsed time spent in this place.
 B = Non-inter-level travel time spent in this place.
 C = Inter-level travel time spent in this place.
 D = Time resting spent in this place.
 E = Time spent auto-exploring this place.
 F = Levels seen in this place.
 G = Mean time per level.
                   A        B        C        D        E       F      G
               +--------+--------+--------+--------+--------+-----+--------+
         Total |  34081 |  32839 |   1242 |   4839 |  21932 |  23 | 1481.8 |
       Dungeon |  22538 |  21727 |    811 |   4498 |  12968 |  15 | 1502.5 |
        Temple |     24 |     13 |     11 |      0 |      5 |   1 |   24.0 |
          Lair |  10266 |   9848 |    418 |    115 |   8357 |   6 | 1711.0 |
         Sewer |   1252 |   1252 |      0 |    226 |    601 |   1 | 1252.0 |
               +--------+--------+--------+--------+--------+-----+--------+

Top non-repeatable levels by time:
  Lair:5: 2325 daAuts
    D:11: 2284 daAuts
     D:9: 2142 daAuts
     D:6: 2078 daAuts
  Lair:6: 1904 daAuts
     D:5: 1764 daAuts
     D:8: 1745 daAuts
  Lair:4: 1652 daAuts
     D:7: 1617 daAuts
    D:12: 1553 daAuts
  Lair:1: 1508 daAuts
  Lair:3: 1505 daAuts
    D:10: 1439 daAuts
    D:14: 1421 daAuts
    D:13: 1412 daAuts
